 Dungeon Sprint DCSS version 0.30.1-11-g7821555f0a (webtiles) character file.

Game seed: 10784446661341350132

3348 GreatBamboolord the Geomancer (level 10, 0/61 HPs)
             Began as a Gargoyle Earth Elementalist on Jan 13, 2024.
             Slain by a large abomination (27 damage)
             ... in the Dungeon (Sprint V: "Ziggurat Sprint").
             The game lasted 00:09:17 (959 turns).

GreatBamboolord the Geomancer (GrEE)                 Turns: 959, Time: 00:09:17

Health: 0/61       AC: 20    Str: 12    XL:     10   Next: 2%
Magic:  4/29       EV:  6    Int: 44    God:
Gold:   0          SH: 27    Dex: 10    Spells: 23/27 levels left

rFire   . . .        a - +6 Majin-Bo {spellvamp, MP+6 Int+6}
rCold   . . .        A - +18 shield of the Gong {Loud rN+ Will+ rCorr EV-5}
rNeg    + + .        o - +5 ring mail of Compassion {Slay+5}
rPois   ∞            N - +1 helmet {Int+3}
rElec   +            (no cloak)
rCorr   +            (no gloves)
SInv    .            (no boots)
Will    +....        j - amulet "Amelats" {RegenMP Int+3}
Stlth   +++          v - +6 ring of intelligence
HPRegen 0.30/turn    w - +6 ring of intelligence
MPRegen 0.61/turn

%: no teleportation
@: studying Long Blades
A: sickness immunity, AC +7, negative energy resistance 1, electricity
resistance, torment resistance 1, petrification resistance
a: no special abilities


You were in the Dungeon.
You visited 1 branch

Inventory:

Hand Weapons
 a - the +6 Majin-Bo (weapon) {spellvamp, MP+6 Int+6}
   (You found it in the Dungeon)

   Int:       It affects your intelligence (+6).
   MP:        It affects your magic capacity (+6).
 b - the +8 lance "Wyrmbane" {slay drac, rPois rF+ rC+ AC+3}
   (You found it in the Dungeon)

   AC:        It affects your AC (+3).
   rF:        It protects you from fire.
   rC:        It protects you from cold.
   rPois:     It protects you from poison.
 B - the +7 great mace "Firestarter" {flame, immolate, rFlCloud rF++}
   (You found it in the Dungeon)

   rFlCloud:  It grants immunity to clouds of flame.
   rF:        It greatly protects you from fire.
 K - a +5 triple crossbow
 L - the +8 demon trident "Rift" {distort, reach+}
   (You found it in the Dungeon)
 P - the +8 trident of the Octopus King {venom, rElec rPois}
   (You found it in the Dungeon)

   rElec:     It insulates you from electricity.
   rPois:     It protects you from poison.
Armour
 o - the +5 ring mail of Compassion (worn) {Slay+5}
   (You found it in the Dungeon)

   Slay:      It affects your accuracy & damage with ranged weapons and melee
   (+5).
 A - the +18 shield of the Gong (worn) {Loud rN+ Will+ rCorr EV-5}
   (You found it in the Dungeon)

   Loud:      It is deafeningly noisy when blocking attacks.
   EV:        It affects your evasion (-5).
   rN:        It protects you from negative energy.
   rCorr:     It protects you from acid and corrosion.
   Will:      It increases your willpower.
 D - +5 fire dragon scales
 E - +5 shadow dragon scales
 F - +5 storm dragon scales
 H - an orb of guile
 I - an orb of mayhem
 J - a +3 tower shield
 N - a +1 helmet of intelligence (worn)
Magical Staves
 S - a staff of conjuration
Jewellery
 j - the amulet "Amelats" (around neck) {RegenMP Int+3}
   (You found it in the Dungeon)

   [amulet of magic regeneration]

   It increases your rate of magic regeneration.
   Int:       It affects your intelligence (+3).
 s - a ring of magical power
 t - a +6 ring of dexterity
 v - a +6 ring of intelligence (left hand)
 w - a +6 ring of intelligence (right hand)
 z - a ring of magical power
 G - a +6 ring of strength
 O - a ring of protection from cold
 Q - the amulet "Duphod" {Spirit rC+ Int+3}
   (You found it in the Dungeon)

   [amulet of guardian spirit]

   It causes incoming damage to be divided between your reserves of health and
   magic.
   Int:       It affects your intelligence (+3).
   rC:        It protects you from cold.
 T - a ring of protection from fire
Wands
 q - a wand of mindburst (18)
 r - a wand of quicksilver (7)
 M - a wand of digging (6)
Scrolls
 g - 4 scrolls of blinking
 h - 4 scrolls of amnesia
 i - 7 scrolls of fog
 k - 2 scrolls of fear
 R - a scroll of brand weapon
Potions
 c - 10 potions of curing
 d - 8 potions of heal wounds
 e - 6 potions of haste
 f - 3 potions of berserk rage
 l - 2 potions of brilliance
 m - 2 potions of invisibility
 n - 4 potions of resistance
 p - 5 potions of might
 C - 8 potions of magic


   Skills:
 + Level 6.9 Fighting
 + Level 5.0 Armour
 * Level 8.0 Dodging
 + Level 8.1 Stealth
 + Level 6.8 Shields
 * Level 9.4 Spellcasting
 * Level 10.8 Conjurations
 - Level 0.7 Transmutations
 * Level 12.4 Earth Magic


You had 23 spell levels left.
You knew the following spells:

 Your Spells              Type           Power      Damage    Failure   Level
a - Sandblast             Erth           100%       2d20      1%          1
b - Stone Arrow           Conj/Erth      100%       3d13      1%          3

Your spell library contained the following spells:

 Spells                   Type           Power      Damage    Failure   Level
 Kiss of Death            Conj/Necr      100%       2d13      1%          1
 Passwall                 Tmut/Erth      56%        N/A       1%          2
 Mephitic Cloud           Conj/Pois/Air  51%        N/A       6%          3
 Petrify                  Tmut/Erth      68%        N/A       6%          4
 Summon Small Mammal      Summ           80%        N/A       10%         1
 Ensorcelled Hibernation  Hex/Ice        40%        N/A       14%         2
 Call Canine Familiar     Summ           20%        N/A       28%         3
 Summon Guardian Golem    Hex/Summ       20%        N/A       28%         3
 Anguish                  Hex/Necr       10%        N/A       67%         4


Dungeon Overview and Level Annotations

Branches:
Dungeon (1/1)

Altars:
Ashenzari
Cheibriados
Dithmenos
Elyvilon
Fedhas
Gozag
Hepliaklqana
Kikubaaqudgha
Makhleb
Nemelex Xobeh
Okawaru
Qazlal
Ru
Sif Muna
Trog
Uskayaw
Vehumet
Wu Jian
Xom
Yredelemnul
Zin
The Shining One
Jiyva
Lugonu


Innate Abilities, Weirdness & Mutations

You are immune to sickness and miasma.
Your stone body is resilient. (AC +7)
You are immune to poison.
You resist negative energy. (rN+)
You are resistant to electric shocks. (rElec)
You are resistant to unholy torment.
You are immune to petrification.


Message History

You block the quasit's attack.
PTOANNNG!
The quasit barely misses you. You block the ufetubus's attack.
GONNNNG!
The ufetubus hits you but does no damage.
The quasit bites you but does no damage.
The quasit completely misses you.
The quasit claws you but does no damage.
The stone arrow hits the quasit!!
You kill the quasit!
You block the ufetubus's attack.
GONNNNG!
The ufetubus hits you.
The quasit bites you but does no damage.
You block the quasit's attack.
PANG!
The quasit claws you but does no damage.
The ufetubus hits you but does no damage.
The ufetubus hits you.
The stone arrow hits the large abomination!!
The large abomination is severely damaged.
The quasit barely misses you.
The quasit claws you but does no damage.
You block the quasit's attack.
SHROANNG!
You block the ufetubus's attack.
BONNNG!
You block the ufetubus's attack.
SHROANNG!
You block the large abomination's attack.
GONNNNG!
The stone arrow misses the large abomination.
You block the quasit's attack.
GONNNNG!
The quasit claws you. You block the quasit's attack.
GONNNNG!
You block the ufetubus's attack.
GONNNNG!
The ufetubus barely misses you. The large abomination hits you!!
You die...

▓..8©8..▓
▓..:|[)...▓..=[...▓
▓..."):...▓.......▓
▓.........▓...))..▓
▓.........▓.......▓
▓.........▓...)...▓
▓.........▓...)...▓
▓.▓.5X5.▓.▓.▓...▓.▓
▓....@....▓...©...▓
▓▓▓▓▓▓▓▓▓▓▓▓▓▓▓▓▓▓▓
▓..8©8..▓ ▓".)[)..▓
▓...)...▓ ▓.......▓
▓.......▓ ▓.......▓
▓.......▓


You could see a large abomination, a quasit and an ufetubus.

Vanquished Creatures
  A thrashing horror (D)
  2 ugly things (D)
  A yaktaur (D)
  A troll (shapeshifter) (D)
  A fire bat (shapeshifter) (D)
  2 neqoxecs (D)
  A water moccasin (D)
  A hell hound (D)
  2 floating eyes (D)
  An orc warrior (D)
  4 centaurs (D)
  3 scorpions (D)
  A quasit (D)
  A jelly (D)
  3 orc priests (D)
  2 adders (D)
  A shadow imp (D)
  A white imp (D)
  2 orcs (D)
  An endoplasm (D)
  A ball python (D)
  A fire vortex (D)
34 creatures vanquished.

Notes
Turn   | Place    | Note
-------+----------+-------------------------------------------
     0 | D        | GreatBamboolord the Gargoyle Earth Elementalist began the
                  | quest for the Orb.
     0 | D        | Reached XP level 1. HP: 10/10 MP: 3/3
     2 | D        | Found a blossoming altar of Fedhas.
     2 | D        | Found the +6 Majin-Bo {spellvamp, MP+6 Int+6}
     2 | D        | Found the +27 heavy crossbow "Sniper" {heavy, Acc+∞ SInv}
     2 | D        | Found the +10 dark maul {heavy}
     2 | D        | Found the +15 Maxwell's patent armour {-Cast -Tele rElec
                  | Will+ rCorr}
     2 | D        | Found the +18 shield of the Gong {Loud rN+ Will+ rCorr
                  | EV-5}
     2 | D        | Found the +16 obsidian axe {drain, demonic, Mesm Drain Fly
                  | SInv}
     2 | D        | Found the +7 great mace "Firestarter" {flame, immolate,
                  | rFlCloud rF++}
     2 | D        | Found the +6 shillelagh "Devastator" {shatter}
     2 | D        | Found the +11 plutonium sword {Contam Stlth-}
     2 | D        | Found the +8 lance "Wyrmbane" {slay drac, rPois rF+ rC+
                  | AC+3}
     2 | D        | Found the +9 sword of Zonguldrok {reap}
     2 | D        | Found the +13 scythe of Curses {drain, curses, Drain}
     2 | D        | Found the +9 sword of Power {lifebolt}
     2 | D        | Found the +7 mace of Variability {chaos, chaos arc}
     2 | D        | Found the +11 Singing Sword {sonic wave}
     2 | D        | Found the +8 storm bow {elec, penet}
     3 | D        | Found a viscous altar of Jiyva.
     3 | D        | Found a hazy altar of Hepliaklqana.
     3 | D        | Found a transporter.
     3 | D        | Found an opulent altar of Gozag.
     3 | D        | Found an ancient bone altar of Kikubaaqudgha.
     3 | D        | Found a corrupted altar of Lugonu.
     5 | D        | Found a burning altar of Makhleb.
     6 | D        | Found a sacrificial altar of Ru.
     6 | D        | Found a shimmering blue altar of Sif Muna.
     6 | D        | Found a stormy altar of Qazlal.
     6 | D        | Found a bloodstained altar of Trog.
     6 | D        | Found an iron altar of Okawaru.
     6 | D        | Found a sparkling altar of Nemelex Xobeh.
    66 | D        | Reached skill level 6 in Earth Magic
    66 | D        | Reached XP level 2. HP: 15/15 MP: 7/7
   114 | D        | Entered arena 2.
   114 | D        | Noticed a hell hound
   114 | D        | Found a transporter.
   120 | D        | Killed a hell hound
   121 | D        | Reached skill level 5 in Spellcasting
   121 | D        | Reached skill level 5 in Conjurations
   121 | D        | Reached skill level 7 in Earth Magic
   121 | D        | Reached XP level 3. HP: 21/21 MP: 4/9
   121 | D        | Reached XP level 4. HP: 26/26 MP: 4/11
   201 | D        | Got the +5 ring mail of Compassion {Slay+5}
   206 | D        | Learned a level 3 spell: Stone Arrow
   271 | D        | Entered arena 3.
   271 | D        | Noticed a scorpion
   271 | D        | Noticed a scorpion
   271 | D        | Noticed a scorpion
   271 | D        | Found a transporter.
   274 | D        | Killed a scorpion
   275 | D        | Reached XP level 5. HP: 31/31 MP: 13/13
   276 | D        | Reached skill level 8 in Earth Magic
   276 | D        | Reached XP level 6. HP: 37/37 MP: 13/14
   281 | D        | Got Sif Muna's Disquisition on Spellbinding
   339 | D        | Entered arena 4.
   339 | D        | Found the +8 demon trident "Rift" {distort, reach+}
   339 | D        | Noticed a water moccasin
   339 | D        | Found a transporter.
   343 | D        | Killed a water moccasin
   344 | D        | Reached skill level 5 in Stealth
   344 | D        | Reached skill level 9 in Earth Magic
   429 | D        | Entered arena 5.
   429 | D        | Noticed a floating eye
   429 | D        | Noticed a floating eye
   429 | D        | Found a transporter.
   431 | D        | Killed a floating eye
   432 | D        | Reached XP level 7. HP: 41/43 MP: 16/17
   434 | D        | Reached skill level 5 in Dodging
   469 | D        | Entered arena 6.
   469 | D        | Found the +8 trident of the Octopus King {venom, rElec
                  | rPois}
   469 | D        | Noticed a yaktaur
   469 | D        | Found a transporter.
   472 | D        | Killed a yaktaur
   473 | D        | Reached skill level 5 in Fighting
   473 | D        | Reached skill level 1 in Armour
   473 | D        | Reached skill level 10 in Earth Magic
   473 | D        | Reached XP level 8. HP: 43/49 MP: 5/19
   480 | D        | Reached skill level 5 in Shields
   499 | D        | Got the Grimoire of the Fifth Circle and Zombies
   626 | D        | Entered arena 7.
   627 | D        | Found a transporter.
   642 | D        | Got the amulet "Duphod" {Spirit rC+ Int+3}
   762 | D        | Entered arena 8.
   762 | D        | Noticed a white ugly thing
   762 | D        | Noticed a troll
   762 | D        | Noticed a cyan ugly thing
   765 | D        | Reached skill level 11 in Earth Magic
   771 | D        | Killed a troll
   772 | D        | Reached XP level 9. HP: 53/55 MP: 6/21
   788 | D        | Killed a green ugly thing
   789 | D        | Reached skill level 10 in Conjurations
   800 | D        | Killed a cyan ugly thing
   801 | D        | Reached skill level 12 in Earth Magic
   803 | D        | Found a transporter.
   809 | D        | Got the amulet "Amelats" {RegenMP Int+3}
   949 | D        | Entered arena 9.
   949 | D        | Noticed a thrashing horror
   952 | D        | Killed a thrashing horror
   953 | D        | Reached skill level 5 in Armour
   953 | D        | Reached XP level 10. HP: 53/61 MP: 21/23
   959 | D        | Slain by a large abomination

Illustrated notes

Levels and vault maps discovered:
D:        sprint_v [room_start, room_1, room_2, room_3, room_4, room_5, room_6,
          room_7, room_8, room_9, room_10, room_11, room_12, room_13, room_14,
          room_15, room_16, room_17, room_18, room_19, room_20, room_21,
          room_22, room_23, room_24, room_25, room_26, room_27]

Skill      XL: |  1  2  3  4  5  6  7  8  9 |
---------------+----------------------------+-----
Spellcasting   | 4 5 6 7 8 9 |  9.4
Conjurations   | 4 5 6 7 8 9 10 | 10.8
Earth Magic    | 6 7 8 9 10 11 12 | 12.4
Fighting       | 2 3 4 5 6 |  6.9
Dodging        | 2 3 4 5 6 8 |  8.0
Stealth        | 3 4 5 6 7 8 |  8.1
Shields        | 2 3 4 5 6 |  6.8
Armour         | 1 3 5 |  5.0
Transmutations | |  0.7

Action                     |  1- 3 |  4- 6 |  7- 9 | 10-12 || total
---------------------------+-------+-------+-------+-------++-------
  Melee: Lance             |     1 |       |    18 |       ||    19
         Bo                |       |       |    17 |       ||    17
   Cast: Sandblast         |     3 |     5 |       |       ||     8
         Stone Arrow       |       |     9 |    30 |     7 ||    46
    Use: Potion            |     2 |       |     1 |       ||     3
   Stab: Sleeping          |       |       |     1 |       ||     1
 Armour: Ring mail         |       |       |    31 |    19 ||    50
  Dodge: Dodged            |     2 |       |    11 |     9 ||    22
  Block: Kite shield       |     5 |     2 |    87 |    24 ||   118
